 Dungeon Crawl Stone Soup version 0.22.1-2-g9c5b331 (webtiles) character file.

6352 MalarOregon the Insei (level 10, 0/74 HPs)
             Began as a Merfolk Transmuter on Nov 25, 2018.
             Was an Elder of Nemelex Xobeh.
             Slain by a polar bear (20 damage)
             ... on level 9 of the Dungeon.
             The game lasted 00:35:36 (9051 turns).

MalarOregon the Insei (Merfolk Transmuter)          Turns: 9051, Time: 00:35:37

Health: 0/74       AC:  2    Str: 11    XL:     10   Next: 96%
Magic:  10/16      EV: 26    Int: 16    God:    Nemelex Xobeh [****..]
Gold:   102        SH:  0    Dex: 19    Spells: 2/17 levels left

rFire    . . .     SeeInvis .     - Unarmed
rCold    . . .     Gourm    .   (shield currently unavailable)
rNeg     . . .     Faith    .   (armour currently unavailable)
rPois    x         Spirit   .   (helmet currently unavailable)
rElec    .         Reflect  .   (cloak currently unavailable)
rCorr    .         Harm     .   (gloves currently unavailable)
MR       .....                  (boots currently unavailable)
Stlth    ++........             d - amulet of regeneration
HPRegen  0.62/turn              (no ring)
MPRegen  0.15/turn              (no ring)

@: spider-form, very slightly contaminated
A: tiny, (change form in water), (swift swim), (stealthy swim)
a: End Transformation, Triple Draw, Deal Four, Renounce Religion


You were on level 9 of the Dungeon.
You worshipped Nemelex Xobeh.
Nemelex Xobeh was greatly pleased with you.
You were not hungry.
You were a venomous arachnid creature.
You visited 3 branches of the dungeon, and saw 11 of its levels.
You also visited: Sewer.

You collected 432 gold pieces.
You spent 330 gold pieces at shops.

Inventory:

Hand Weapons
 h - a +0 hand axe of flaming
   (You took it off a big kobold on level 9 of the Dungeon)
 L - a +0 trident (melded)
   (You took it off an orc on level 9 of the Dungeon)
 P - a +0 halberd
   (You found it on level 9 of the Dungeon)
Missiles
 a - 138 arrows
Armour
 g - a +2 hat (melded)
   (You found it on level 1 of the Dungeon)
 o - a +0 scale mail
   (You took it off an orc on level 3 of the Dungeon)
 p - a +0 cloak (melded)
   (You found it on level 3 of the Dungeon)
 r - a +0 leather armour (melded)
   (You found it on level 3 of the Dungeon)
 D - a +0 pair of gloves of dexterity (melded)
   (You found it on level 8 of the Dungeon)
Jewellery
 d - an amulet of regeneration (around neck)
   (You found it on level 1 of the Dungeon)
Wands
 v - a wand of digging (13)
   (You found it on level 4 of the Dungeon)
 x - a wand of acid (11)
   (You bought it in a shop on level 8 of the Dungeon)
 K - a wand of enslavement (2)
   (You found it on level 9 of the Dungeon)
Scrolls
 j - 4 scrolls of remove curse {@r2}
 m - 3 scrolls of identify {@r1}
 s - 3 scrolls of fog {unknown}
 y - a scroll of amnesia {unknown}
 F - 4 scrolls of teleportation {@r4}
 I - a scroll of magic mapping {unknown}
 J - a scroll of fear {unknown}
 M - a scroll of blinking
 R - a scroll of enchant armour
Potions
 b - 4 potions of lignification {!q}
 c - 2 potions of flight
 f - a potion of berserk rage {unknown}
 i - 9 potions of curing {@q1}
 n - a potion of mutation {unknown}
 t - 2 potions of magic {unknown}
 u - 2 potions of heal wounds {@q2}
 w - 4 potions of haste {@q3}
 z - 2 potions of might {unknown}
 A - a potion of agility {unknown}
 G - 2 potions of invisibility
 N - 2 potions of resistance {unknown}
Miscellaneous
 q - a legendary deck of escape
   (Nemelex Xobeh gifted it to you on level 6 of the Dungeon)
 H - a plain deck of summoning
   (Nemelex Xobeh gifted it to you on level 8 of the Dungeon)
 Q - a plain deck of destruction
   (Nemelex Xobeh gifted it to you on level 9 of the Dungeon)
Comestibles
 e - 23 rations {!d}
 l - 3 chunks of flesh


   Skills:
 - Level 5.0 Fighting
 + Level 6.9 Polearms
 + Level 4.7 Armour
 - Level 7.0 Dodging
 + Level 7.9 Unarmed Combat
 - Level 4.0 Spellcasting
 - Level 7.0 Transmutations
 - Level 5.0 Ice Magic
 - Level 5.0 Poison Magic
 - Level 5.0 Invocations


You had 2 spell levels left.
You knew the following spells:

 Your Spells              Type           Power        Failure   Level  Hunger
a - Beastly Appendage     Tmut           ####..       4%          1    None
b - Blink                 Tloc           N/A          47%         2    ##.....
c - Call Imp              Summ           #.......     47%         2    ##.....
d - Ice Form              Ice/Tmut       ###.....     32%         4    ####...
e - Confusing Touch       Hex            #.....       36%         1    None
s - Sticks to Snakes      Tmut           ####....     6%          2    ##.....
x - Spider Form           Tmut/Pois      ###.......   13%         3    ###....

Your spell library contained the following spells:

 Spells                   Type           Power        Failure   Level  Hunger
 Animate Skeleton         Necr           N/A          36%         1    None
 Apportation              Tloc           #.....       36%         1    None
 Magic Dart               Conj           #...         36%         1    None
 Summon Small Mammal      Summ           #...         36%         1    None
 Searing Ray              Conj           #.....       47%         2    ##.....
 Slow                     Hex            #.......     47%         2    ##.....
 Mephitic Cloud           Conj/Pois/Air  #.......     47%         3    ###....
 Blade Hands              Tmut           ####......   47%         5    ######.
 Conjure Flame            Conj/Fire      #.......     67%         3    ###....
 Dazzling Spray           Conj/Hex       #.....       67%         3    ###....
 Force Lance              Conj/Tloc      #.......     95%         4    ####...
 Fulminant Prism          Conj/Hex       #.........   95%         4    ####...
 Iskenderun's Mystic Bla  Conj           #.......     95%         4    ####...


Dungeon Overview and Level Annotations

Branches:
Dungeon (9/15)             Temple (1/1) D:6            Lair (1/6) D:9
    Orc: D:9-12

Altars:
Ashenzari
Cheibriados
Dithmenos
Elyvilon
Fedhas
Gozag
Hepliaklqana
Kikubaaqudgha
Makhleb
Nemelex Xobeh
Okawaru
Qazlal
Ru
Sif Muna
Trog
Uskayaw
Vehumet
Wu Jian
Xom
Yredelemnul
Zin
The Shining One

Shops:
D:6 }   D:8 }


Message History

The polar bear misses you. The yak barely misses you.
The polar bear bites you but does no damage.
The polar bear claws you. The polar bear barely misses you. The yak misses you.
The black bear barely misses you. The black bear closely misses you. x2
You climb upwards.
Welcome back to the Dungeon!
There is a staircase to the Lair here.
Things that are here:
an ornate deck of destruction; a legendary deck of destruction a plain deck of summoning The polar bear bites you but does no damage.
The polar bear claws you but does no damage.
The polar bear misses you. The yak barely misses you. The yak gores you!
* * * LOW HITPOINT WARNING * * *
The polar bear bites you!
* * * LOW HITPOINT WARNING * * *
The polar bear barely misses you. The polar bear claws you.
* * * LOW HITPOINT WARNING * * *
You turn into a venomous arachnid creature.
Your +0 trident melds into your body.
Your +0 cloak melds into your body.
Your +2 hat melds into your body.
Your +0 pair of gloves of dexterity melds into your body.
Your +0 leather armour melds into your body.
You feel clumsy. The yak misses you.
A shadowy apparition takes form in the air.
The yak gores you!
* * * LOW HITPOINT WARNING * * *
The polar bear closely misses your shadow imp.
The polar bear barely misses your shadow imp.
The polar bear claws your shadow imp. The yak gores your shadow imp!
You miscast Call Imp.
You are very lightly contaminated with residual magic.
Nothing appears to happen.
The yak completely misses you.
The polar bear barely misses your shadow imp.
The polar bear closely misses your shadow imp.
The polar bear claws your shadow imp. The yak gores your shadow imp.
Your shadow imp dies!
The polar bear barely misses you. The polar bear completely misses you.
The polar bear claws you.
* * * LOW HITPOINT WARNING * * *
The polar bear bites you.
* * * LOW HITPOINT WARNING * * *
The polar bear misses you. The polar bear completely misses you.
You draw a card...
It is the Rangers.
The deck of cards disappears without a trace.
The yak gores your yaktaur but does no damage.
You hit the polar bear.
The polar bear is poisoned.
The polar bear bites you!!
You die...
Your body disappears without a glow.

#.).....# #.......# #.## #.......#
#.>.....# #.# ##.......######.......#
#.# [)...........##.......# ##.#
##.......###..........# #..# #.......#
####.......# #.## #.......# #c.c....#
#.# ###.##### ##.###### #.# #.## #s#
#.# ##..# ####h# #.#
#...#######..cY### ##+####
#..#...โ‰ˆ.hh#.Y...# #......
###....#...#....##.#### #......
#....)##...##.........#####......
#...#..P..h...#.......##..'......
#...#โ‰ˆ.P.>รท..โ‰ˆ#...[...##.##......
#...#..P......#.......#..##......


You could see a polar bear, 2 yaks and 3 friendly yaktaurs.

Vanquished Creatures
  A hydra (D:9)
  2 two-headed ogres (D:9)
  A dream sheep (D:9)
  The ghost of RoboWizard the Stinger, an amateur DrVM (D:5)
  A blink frog (D:9)
  A hippogriff (D:9)
  4 yaks (D:9)
  2 orc warriors
  A sky beast (D:7)
  2 ice beasts
  A phantom (D:9)
  2 black bears
  An ogre (D:9)
  3 centaurs
  3 big kobolds
  5 bullfrogs
  A wyvern skeleton (D:9)
  A scorpion (D:8)
  3 killer bees (D:9)
  2 crimson imps
  A centaur zombie (D:5)
  A jelly (D:9)
  5 hounds
  4 orc priests
  An iguana (D:9)
  5 orc wizards
  3 worker ants
  2 worker ant zombies (D:5)
  9 adders
  2 howler monkey skeletons
  2 river rats (Sewer)
  A shadow imp (D:9)
  2 oozes
  2 adder skeletons
  4 worms
  3 dart slugs
  3 leopard geckos
  29 orcs
  8 bats
  A bat zombie (D:6)
  5 giant cockroaches
  9 goblins
  7 hobgoblins
  3 jackals (D:2)
  15 kobolds
  4 quokkas
  2 ball pythons
  5 frilled lizards
  2 jackal skeletons
  A leopard gecko zombie (D:9)
  A quokka skeleton (D:9)
  A quokka zombie (D:7)
  10 rats
  2 rat zombies (D:6)
  5 fungi (D:9)
198 creatures vanquished.

Vanquished Creatures (collateral kills)
  A two-headed ogre (D:9)
  A dream sheep (D:9)
  A big kobold (D:9)
  A bullfrog (D:6)
  2 killer bees (D:9)
  A hound (D:4)
  2 orc priests (D:4)
  A jelly (D:5)
  An orc wizard (D:6)
  3 adders
  7 orcs
  A frilled lizard (D:4)
  A jackal skeleton (D:4)
23 creatures vanquished.

Vanquished Creatures (others)
  A yak (Lair:1)
  An orc (D:4)
  A fungus (D:9)
3 creatures vanquished.

Grand Total: 224 creatures vanquished

Notes
Turn   | Place    | Note
-------+----------+-------------------------------------------
     0 | D:1      | MalarOregon the Merfolk Transmuter began the quest for the
                  | Orb.
     0 | D:1      | Reached XP level 1. HP: 15/15 MP: 3/3
   143 | D:1      | Reached XP level 2. HP: 21/21 MP: 5/5
   400 | D:1      | Reached XP level 3. HP: 24/26 MP: 6/6
  1087 | D:2      | Learned a level 2 spell: Sticks to Snakes
  1091 | D:2      | Learned a level 3 spell: Spider Form
  1298 | D:2      | Reached XP level 4. HP: 17/33 MP: 7/7
  1931 | D:2      | Found an iron altar of Okawaru.
  1934 | D:2      | Found a snail-covered altar of Cheibriados.
  1937 | D:2      | Found a sparkling altar of Nemelex Xobeh.
  2319 | D:2      | Became a worshipper of Nemelex Xobeh the Trickster
  2509 | D:3      | Received a gift from Nemelex Xobeh
  2628 | D:3      | Reached XP level 5. HP: 36/38 MP: 8/8
  3081 | D:3      | Reached skill level 1 in Armour
  3297 | D:3      | Learned a level 2 spell: Blink
  3556 | D:4      | Reached skill level 1 in Invocations
  3639 | D:4      | Found a blossoming altar of Fedhas.
  3698 | D:4      | Reached * piety under Nemelex Xobeh
  3714 | D:4      | Found a stormy altar of Qazlal.
  3760 | D:4      | Reached skill level 1 in Poison Magic
  3760 | D:4      | Reached XP level 6. HP: 37/46 MP: 10/10
  4094 | D:4      | Learned a level 2 spell: Call Imp
  4109 | D:4      | Found a burning altar of Makhleb.
  4133 | D:4      | Found an iron altar of Okawaru.
  4348 | D:5      | Entered Level 5 of the Dungeon
  4578 | D:5      | Found a large runed door.
  4579 | D:5      | Found a large runed door.
  4580 | D:5      | Noticed RoboWizard's ghost (amateur DrVM)
  4767 | D:5      | Received a gift from Nemelex Xobeh
  4806 | D:5      | Reached XP level 7. HP: 34/52 MP: 3/11
  4878 | D:5      | Reached ** piety under Nemelex Xobeh
  5112 | D:5      | Killed RoboWizard's ghost
  5202 | D:6      | Noticed an insubstantial wisp
  5343 | D:6      | Found a staircase to the Ecumenical Temple.
  5354 | D:6      | Received a gift from Nemelex Xobeh
  5401 | D:6      | Found a glowing drain.
  5412 | Sewer    | Entered a sewer
  5596 | Sewer    | Reached skill level 5 in Dodging
  5726 | D:6      | Reached XP level 8. HP: 57/58 MP: 13/13
  5846 | D:6      | Found Adiufoz's Gadget Shop.
  5934 | D:6      | Found an ancient bone altar of Kikubaaqudgha.
  6011 | Temple   | Entered the Ecumenical Temple
  6016 | Temple   | Reached *** piety under Nemelex Xobeh
  6029 | Temple   | Received a gift from Nemelex Xobeh
  6288 | D:7      | Found a sacrificial altar of Ru.
  6288 | D:7      | Found a hide-covered altar of Uskayaw.
  6289 | D:7      | Found a glowing golden altar of the Shining One.
  6289 | D:7      | Found an opulent altar of Gozag.
  6303 | D:7      | Reached skill level 5 in Transmutations
  6336 | D:7      | Learned a level 4 spell: Ice Form
  6402 | D:7      | Reached skill level 5 in Unarmed Combat
  6530 | D:7      | Received a gift from Nemelex Xobeh
  6678 | D:7      | Learned a level 1 spell: Confusing Touch
  6710 | D:7      | Found a white marble altar of Elyvilon.
  6714 | D:7      | Found a basalt altar of Yredelemnul.
  6949 | D:8      | Found Adutzor's Gadget Shop.
  6967 | D:8      | Reached XP level 9. HP: 61/66 MP: 15/15
  6970 | D:8      | Bought a wand of acid (11) for 330 gold pieces
  6978 | D:8      | Received a gift from Nemelex Xobeh
  7182 | D:8      | Reached **** piety under Nemelex Xobeh
  7352 | D:8      | Reached skill level 1 in Polearms
  7372 | D:8      | Received a gift from Nemelex Xobeh
  7529 | D:9      | Noticed a two-headed ogre
  7537 | D:9      | Killed a two-headed ogre
  7537 | D:9      | Reached skill level 5 in Fighting
  7537 | D:9      | Reached skill level 1 in Ice Magic
  7553 | D:9      | Noticed a two-headed ogre
  7568 | D:9      | Killed a two-headed ogre
  7640 | D:9      | Found a staircase to the Lair.
  7745 | D:9      | Reached XP level 10. HP: 59/74 MP: 16/16
  7859 | D:9      | Reached skill level 5 in Poison Magic
  7897 | D:9      | Reached skill level 5 in Invocations
  8112 | D:9      | Noticed a two-headed hydra
  8120 | D:9      | Killed a one-headed hydra
  8120 | D:9      | Reached skill level 5 in Polearms
  8418 | D:9      | Received a gift from Nemelex Xobeh
  8711 | D:9      | Noticed a two-headed ogre
  8727 | D:9      | Killed a two-headed ogre
  8924 | Lair:1   | Entered Level 1 of the Lair of Beasts
  8961 | D:9      | Reached skill level 5 in Ice Magic
  9051 | D:9      | Slain by a polar bear

Skill      XL: |  1  2  3  4  5  6  7  8  9 10 |
---------------+-------------------------------+-----
Dodging        | 3 4 5 6 7 |  7.0
Transmutations | 3 4 5 6 7 |  7.0
Fighting       | 2 3 4 5 |  5.0
Armour         | 1 2 3 4 |  4.7
Invocations    | 1 2 3 4 5 |  5.0
Unarmed Combat | 4 5 6 7 |  7.9
Poison Magic   | 1 2 3 4 5 |  5.0
Spellcasting   | 3 4 |  4.0
Polearms       | 3 6 |  6.9
Ice Magic      | 2 5 |  5.0

Action                   |  1- 3 |  4- 6 |  7- 9 | 10-12 || total
-------------------------+-------+-------+-------+-------++-------
Melee: Unarmed           |    18 |    23 |    60 |    54 ||   155
       Headbutt          |     2 |       |     3 |    22 ||    27
       Mace              |    75 |   121 |   296 |    26 ||   518
       Punch             |       |     2 |     4 |     7 ||    13
       Tailslap          |       |       |    14 |       ||    14
       Whip              |       |       |       |    75 ||    75
       Trident           |       |       |       |    37 ||    37
       Hand axe          |       |       |       |    25 ||    25
 Cast: Beastly Appendage |     5 |       |     3 |     7 ||    15
       Sticks to Snakes  |       |     7 |     4 |       ||    11
       Spider Form       |       |     3 |     6 |     5 ||    14
       Call Imp          |       |       |     4 |     1 ||     5
       Confusing Touch   |       |       |     1 |       ||     1
       Ice Form          |       |       |       |     1 ||     1
Evoke: Deck              |       |     7 |     5 |     4 ||    16
       Wand              |       |       |       |     2 ||     2
  Use: Scroll            |     4 |     3 |     7 |       ||    14
 Stab: Sleeping          |     2 |       |       |       ||     2
       Distracted        |       |       |     1 |       ||     1
  Eat: Chunk             |     1 |    11 |    12 |     6 ||    30
Armor: Robe              |    29 |    18 |       |       ||    47
       Leather armour    |       |    20 |    71 |    40 ||   131
       Skin              |       |       |     2 |     3 ||     5
Dodge: Dodged            |    89 |   133 |   392 |   221 ||   835
